Map: Dusty Gorge

Players

ǂMystïCLinGǂ

  • Race: Zerg Zerg
  • League: Diamond
  • Spawn Location: 9:00

parasite

  • Race: Zerg Zerg
  • Spawn Location: 11:00

Massa - Winner!

  • Race: Terran Terran
  • League: Gold
  • Spawn Location: 5:00

qqq - Winner!

  • Race: Zerg Zerg
  • League: Platinum
  • Spawn Location: 3:00

VOD

Have the link to the VOD?

Description

Time

  • Played on: May 30, 2020, 5:36 a.m.
  • Length: 8:10
Show
View Real Time Build Order
Export as new Build Order

ǂMystïCLinGǂ Zerg 

Build Orders: Hatch First 

Get SALT Encoding   

  12  0:02  Drone  
  13  0:08  Drone  
  14  0:18  Overlord  
  14  0:37  Drone x3  
  17  0:59  Hatchery, Drone  
  17  1:04  Extractor, Drone  
  17  1:20  Spawning Pool  
  17  1:21  Drone  
  17  1:24  Drone  
  18  1:33  Drone  
  19  1:46  Overlord  
  19  2:07  Queen  
  21  2:11  Queen  
  21  2:13  Drone x3  
  26  2:28  Roach Warren  
  26  2:29  Drone x2  
  28  2:30  Drone  
  28  2:46  Extractor  
  27  2:52  Drone x4  
  31  3:04  Overlord  
  31  3:13  Drone  
  31  3:15  Lair  
  31  3:18  Roach x2  
  36  3:27  Queen  
  36  3:29  Overlord  
  36  3:33  Roach x3  
  45  3:55  Ravager  
  45  3:56  Ravager x2  
  45  3:58  Drone x5  
  45  4:01  Overlord x2  
  52  4:55  Roach  
  52  4:56  Roach x7  
  68  5:08  Overlord  
  68  5:09  Overlord x2  
  68  5:13  Glial Reconstitution  
  41  5:38  Roach x2  
  41  5:39  Roach x2  
  19  6:10  Roach x8  
  16  6:35  Drone x7  
  23  6:50  Drone x7  
  30  7:13  Drone x4  
  34  7:28  Drone x3  
  37  7:38  Drone  
Show
View Real Time Build Order
Export as new Build Order

parasite Zerg 

Build Orders: Hatch First 

Get SALT Encoding   

  12  0:06  Drone  
  13  0:13  Overlord  
  13  0:19  Drone  
  14  0:31  Drone x2  
  16  0:38  Drone  
  17  0:58  Drone, Hatchery  
  17  1:02  Extractor, Drone  
  17  1:18  Spawning Pool  
  16  1:21  Drone  
  17  1:27  Drone  
  17  1:32  Drone  
  19  2:04  Metabolic Boost  
  19  2:09  Zergling x2  
  19  2:10  Zergling x4  
  19  2:11  Queen, Overlord  
  24  2:16  Queen  
  24  2:22  Drone x2  
  28  2:37  Drone x2  
  28  2:42  Overlord  
  30  2:48  Overlord  
  30  3:05  Drone  
  30  3:06  Drone x3  
  34  3:22  Queen  
  34  3:26  Hatchery  
  35  3:27  Lair  
  35  3:30  Drone  
  35  3:33  Drone  
  36  4:05  Drone  
  36  4:06  Drone x4  
  36  4:07  Drone x2  
  43  4:11  Extractor, Drone  
  43  4:12  Extractor  
  43  4:13  Drone, Overlord x2  
  43  4:34  Drone x3, Extractor  
  43  4:36  Drone  
  43  4:37  Drone  
  47  4:39  Drone x5  
  47  4:40  Drone  
  47  4:45  Drone  
  54  4:50  Baneling Nest  
  54  4:51  Zergling x6  
  54  5:06  Zergling x2  
  55  5:07  Zergling x16  
  63  5:16  Drone  
  63  5:17  Drone x2  
  66  5:38  Baneling x4  
  54  5:58  Zergling x2  
  54  5:59  Zergling x22  
  32  6:46  Zergling x4  
  32  6:47  Zergling x4  
  27  6:55  Zergling x8  
  27  6:56  Drone x2, Zergling x4  
  30  7:13  Drone x4  
  34  7:16  Drone  
  35  7:23  Baneling x5  
  35  7:24  Drone x2  
  35  7:25  Queen  
  35  7:27  Queen  
  35  7:28  Queen  
  44  7:30  Drone x3  
  46  7:40  Infestation Pit  
  46  7:42  Drone x3  
  48  7:45  Extractor  
  48  7:48  Extractor  
Show
View Real Time Build Order
Export as new Build Order

Massa Terran - Winner!

Build Orders: 2 Factory, Hellion Opening 

Get SALT Encoding   

  12  0:13  Supply Depot  
  12  0:14  SCV  
  13  0:26  SCV  
  14  0:37  Barracks  
  14  0:40  SCV  
  15  0:52  SCV  
  16  1:04  SCV  
  17  1:12  Refinery  
  17  1:14  Refinery  
  17  1:20  SCV  
  17  1:25  Supply Depot  
  18  1:26  Marine  
  18  1:32  SCV  
  20  1:44  SCV, Marine  
  22  1:59  Factory  
  22  2:02  Marine  
  23  2:17  SCV  
  24  2:24  Factory  
  24  2:26  Barracks Reactor  
  24  2:29  SCV  
  25  2:50  Factory Reactor  
  25  2:56  Barracks  
  25  2:59  Orbital Command  
  24  3:24  Hellion x2  
  28  3:30  Hellion  
  30  3:34  Barracks Tech Lab  
  30  3:49  Hellion x3  
  30  3:52  Hellion  
  38  4:07  Supply Depot  
  38  4:11  Supply Depot  
  38  4:19  Barracks Reactor  
  38  4:29  Hellion x4  
  46  4:36  Marauder  
  48  4:50  Hellion  
  50  4:57  Marauder  
  52  5:02  Marine x2  
  54  5:11  Supply Depot  
  54  5:19  Marine  
  55  5:33  Marauder  
  51  5:54  Marine x2  
  51  5:55  Marauder  
  53  6:12  Marine  
  53  6:16  Marauder  
  39  6:38  Marauder  
  37  6:41  Marine x2  
  37  6:43  Hellion x4  
  45  6:59  Marauder, Marine  
  48  7:04  Hellion  
  46  7:16  Hellion x3  
  46  7:20  Marauder  
  54  7:26  Hellion  
  56  7:34  Marine x2  
  58  7:37  Hellion  
  58  7:42  Marauder  
  62  7:51  Marine  
Show
View Real Time Build Order
Export as new Build Order

qqq Zerg - Winner!

Build Orders: Hatch First 

Get SALT Encoding   

  12  0:03  Drone  
  13  0:15  Drone  
  14  0:37  Hatchery  
  13  0:54  Spawning Pool  
  12  1:02  Overlord  
  12  1:06  Drone  
  12  1:10  Drone  
  14  1:23  Extractor  
  13  1:28  Drone  
  13  1:29  Drone  
  15  1:36  Drone  
  16  1:49  Drone  
  16  1:50  Queen  
  19  1:54  Queen  
  19  1:58  Drone  
  22  2:03  Drone  
  22  2:06  Drone  
  24  2:13  Zergling x2  
  25  2:16  Drone  
  26  2:27  Zergling x2  
  27  2:34  Zergling x2  
  28  2:40  Overlord x2  
  28  3:08  Zergling x8  
  28  3:09  Zergling x2  
  33  3:15  Hatchery, Metabolic Boost  
  33  3:18  Drone  
  33  3:24  Zergling x4  
  35  3:29  Drone  
  35  3:31  Drone  
  37  3:36  Drone  
  37  3:37  Zergling x2  
  39  3:42  Overlord  
  37  3:56  Drone x4  
  37  4:00  Drone  
  42  4:08  Zergling x6  
  45  4:10  Zergling x2  
  46  4:20  Zergling x4  
  46  4:21  Drone x2  
  50  4:44  Zergling x4  
  50  4:45  Zergling x4  
  54  4:47  Drone x4  
  54  4:48  Overlord x3  
  56  5:09  Drone x2, Queen  
  56  5:11  Zergling x4  
  55  5:38  Zergling x10  
  55  5:39  Zergling x8  
  55  5:40  Zergling x10  
  59  6:06  Zergling x6  
  59  6:07  Drone  
  59  6:08  Drone, Zergling x4  
  61  6:37  Zergling x8  
  61  6:39  Zergling x10  
  62  6:40  Zergling x10  
  62  6:48  Drone  
  62  6:49  Drone  
  62  6:50  Zergling x4  
  62  6:53  Hatchery  
  65  6:56  Lair  
  65  7:00  Hatchery  
  62  7:01  Zergling x2  
  62  7:02  Zergling x4  
  65  7:11  Zergling x2  
  65  7:12  Zergling x2  
  65  7:13  Zergling x2  
  68  7:21  Zergling x2  
  69  7:27  Zergling x4  
  69  7:28  Zergling x6  
  74  7:30  Overlord x4  
  74  7:31  Overlord x2  
  74  7:39  Overlord x2  
Tags
 
Add a new tag
Caveats
  • Supply blocks, unpowered buildings, or Contaminate may cause inaccurate times.
  • Supply counts are checked every 10 seconds.